 Dungeon Crawl Stone Soup version 0.31-a0-174-g85c54bcb58 (webtiles) character file.

Game seed: 3759164858747204725

43029 kae the Transmogrifier (level 13, -19/136 HPs)
             Began as a Yellow Draconian Transmuter on June 15, 2023.
             Was an Elder of Ru.
             Demolished by an enormous slime creature (78 damage)
             ... on level 12 of the Dungeon.
             The game lasted 00:24:52 (20545 turns).

kae the Transmogrifier (DrTm)                      Turns: 20545, Time: 00:24:53

Health: -19/136    AC: 14    Str: 14    XL:     13   Next: 88%
Magic:  26/26      EV: 18    Int: 17    God:    Ru [****..]
Gold:   1168       SH:  0    Dex: 12    Spells: 21/31 levels left

rFire   x .          .
                       - Unarmed
rCold   + + +        (shield currently unavailable)
rNeg    . . .        (body armour unavailable)
rPois   +            (helmet currently unavailable)
rElec   .            (cloak currently unavailable)
rCorr   .            (gloves currently unavailable)
SInv    .            (boots currently unavailable)
Will    .....        (no amulet) Stlth
                     O - +4 ring of protection
HPRegen 0.42/turn    E - +5 ring of evasion
MPRegen 0.20/turn

%: no passive effects
@: ice-form
A: freezing attack, amphibious, boosted hp, (spit acid), AC +8, large, unfitting
armour, (cold-blooded), no stealth, inability to use devices, hated by all,
(acid resistance)
a: End Transformation, Renounce Religion, Draw Out Power, Power Leap


You were on level 12 of the Dungeon.
You worshipped Ru.
Ru was greatly pleased with you.
You were a creature of crystalline ice.
You visited 3 branches of the dungeon, and saw 17 of its levels.
You also visited: Sewer.

You collected 1241 gold pieces.
You spent 73 gold pieces at shops.


Innate Abilities, Weirdness & Mutations

You are a creature of crystalline ice.
You have a powerful freezing melee attack.
You are amphibious.
Your maximum health is increased.
Your armour is entirely melded.
You are incapable of wielding weapons or throwing items.
((You can spit globs of acid.))
((Your golden yellow scales are hard. (AC +8)))
You cannot fit into any form of body armour.
((You are cold-blooded and may be slowed by cold attacks.))
You cannot be stealthy.
You cannot study or use magical devices.
You are hated by all.
((You are resistant to acid. (rCorr)))


   Skills:
 + Level 10.3 Fighting
 + Level 8.9 Dodging
 + Level 9.7 Unarmed Combat
 + Level 9.5 Spellcasting
 * Level 14.4 Transmutations
 - Level 6.0 Ice Magic
 - Level 2.0 Poison Magic


You had 21 spell levels left.
You knew the following spells:

 Your Spells              Type           Power      Damage    Failure   Level
a - Beastly Appendage     Tmut           100%       N/A       1%          1
b - Wereblood             Tmut           55%        N/A       1%          2
c - Spider Form           Tmut/Pois      36%        N/A       1%          3
d - Ice Form              Ice/Tmut       42%        N/A       1%          4

Your spell library contained the following spells:

 Spells                   Type           Power      Damage    Failure   Level
 Apportation              Tloc           16%        N/A       9%          1
 Magic Dart               Conj           32%        1d4       9%          1
 Necrotise                Necr           32%        1d5       9%          1
 Yara's Violent Unravell  Hex/Tmut       16%        3d8       13%         5
 Lesser Beckoning         Tloc           16%        N/A       14%         2
 Gell's Gravitas          Tloc           8%         N/A       26%         3
 Inner Flame              Hex/Fire       8%         N/A       26%         3
 Teleport Other           Tloc           8%         N/A       26%         3
 Enfeeble                 Hex            4%         N/A       100%        7
 Summon Small Mammal      Summ           Unusable   N/A       N/A         1

Inventory:

Missiles
 e - 4 throwing nets {=f!f}
 g - 106 stones
 h - 2 datura-tipped darts
 m - 48 poisoned darts
 u - 18 boomerangs
 v - 4 javelins
 A - 5 curare-tipped darts {=f}
 J - 5 silver javelins
Magical Staves
 y - a staff of cold {!a}
   (You found it on level 6 of the Dungeon)
Jewellery
 l - the ring of Loused {rC+ rN+ Int+5 Stlth+}
   (You found it on level 2 of the Dungeon)

   [ring of positive energy]

   Int:       It affects your intelligence (+5).
   rC:        It protects you from cold.
   rN:        It protects you from negative energy.
   Stlth:     It makes you more stealthy.
 C - a ring of ice
   (You found it on level 3 of the Lair of Beasts)
 E - a +5 ring of evasion (right front paw)
   (You found it on level 3 of the Dungeon)
 F - a ring of protection from fire
   (You found it on level 12 of the Dungeon)
 O - a +4 ring of protection (left front paw)
   (You found it on level 1 of the Lair of Beasts)
 R - a ring of resist corrosion
   (You found it on level 3 of the Lair of Beasts)
 Y - a +4 ring of slaying
   (You found it on level 10 of the Dungeon)
Wands
 w - a wand of digging (1)
   (You took it off Lodul on level 12 of the Dungeon)
Scrolls
 b - a scroll of torment {!r}
 i - a scroll of silence {!r}
 k - 2 scrolls of poison {!r}
 n - 2 scrolls of teleportation {@r4}
 o - 3 scrolls of blinking {!r}
 p - 2 scrolls of revelation
 q - 3 scrolls of fog
 x - 3 scrolls of enchant weapon
 z - 2 scrolls of vulnerability {!r!r}
 B - a scroll of identify {@r1}
Potions
 a - 4 potions of lignification {!q}
 c - 3 potions of heal wounds {@q2}
 f - 5 potions of curing {@q1}
 j - 3 potions of might
 r - a potion of haste {@q3}
 s - 4 potions of brilliance
 t - 3 potions of cancellation
 D - 2 potions of ambrosia
 G - 2 potions of attraction {unknown}
 H - 2 potions of berserk rage {!q}
 I - a potion of mutation {unknown}
Miscellaneous
 d - a sack of spiders
   (You found it on level 3 of the Lair of Beasts)

Dungeon Overview and Level Annotations

Branches:
Dungeon (12/15) Zot: 25547  Temple (1/1) D:6 Zot: 5803    Lair (4/5) D:11 Zot: 18121
  Swamp (0/4) Lair:3       Spider (0/4) Lair:2        Slime (0/5) Lair:4
    Orc (0/2) D:12          Sewer (visited)

Altars:
Ashenzari
Cheibriados
Dithmenos
Elyvilon
Gozag
Kikubaaqudgha
Makhleb
Nemelex Xobeh
Okawaru
Qazlal
Ru
Sif Muna
Trog
Uskayaw
Vehumet
Wu Jian
Xom
Zin
The Shining One

Shops:
D:5 *   D:7 (   D:12 *

Annotations:
Lair:4 1 transporter, exclusion: 4 oklob plants, Josephine, Nessos

.## ##.# #.# ..# #..# #.## ..#
#.## #..# ..# #.# ######.#### ..#
#.# #.......... ))#### #.#
#.......... ))...##### #.#
#..........
..##.))..####>#########..........
..######........YJ...............
..# ######.#########..........
### #####.# #####.###.. #.....#
#.# #.~ #.##### #.# #.≈ ###.# #.#
#.~ #...### #####.###.~
#########.).##### #..........
...##...#.......# #.........~


You could see an enormous slime creature.


Message History

You take 6 damage, and now have 115/134 hp.
Unknown command.
Your transformation is almost over.
You warm up again.
A slime creature is nearby!
Unknown command.
A slime creature is nearby!
A slime creature is nearby! 😎 HP[-3] MP[+2]
You now have 112 max hp (-22).
Your mp is fully restored (26).
Casting: Ice Form (mildly dangerous; 1% risk of failure)
Confirm with . or Enter, or press ? or * to list all spells.
You turn into a creature of crystalline ice.
The slime creature quivers. 😎 HP[+22] MP[-4]
You now have 134 max hp (+22).
Your hp is fully restored (134).
You lost 4 mp, and now have 22/26 mp. 😎 MP[+1] 😎 MP[+1] 😎 MP[+1]
You punch the slime creature! You freeze the slime creature.
The slime creature hits you!
You hit the slime creature. You freeze the slime creature.
The slime creature hits you but does no damage. 😕 HP[-9] MP[+1]
You take 9 damage, and now have 125/134 hp.
Your mp is fully restored (26).
You pummel the slime creature!! You freeze the slime creature.
You punch the slime creature! You freeze the slime creature.
You kill the slime creature!
No target in view! 😕 HP[+1] 😕 HP[+1] Unknown command.
The slime creature quivers. 😎 HP[+7]
Your hp is fully restored (134).
Unknown command.
A slime creature is nearby!
Unknown command.
A slime creature is nearby!
Casting: Ice Form (mildly dangerous; 1% risk of failure)
Confirm with . or Enter, or press ? or * to list all spells.
You extend your transformation's duration. 😎 MP[-4]
You lost 4 mp, and now have 22/26 mp. 😎 MP[+1]
The slime creature hits you.
The slime creature quivers. x2
You hit the slime creature but do no damage.
The slime creature hits you!
Two slime creatures merge to form a large slime creature.
The slime creature quivers. x2
You hit the slime creature. You freeze the slime creature.
Two slime creatures merge to form a very large slime creature.
The slime creature hits you but does no damage.
Two slime creatures merge to form an enormous slime creature.
You hit the slime creature. You freeze the slime creature.
The slime creature hits you but does no damage.
You punch the slime creature! You freeze the slime creature.
You pummel the slime creature!! You freeze the slime creature.
The slime creature hits you. 😕 HP[-24] MP[+1]
You take 24 damage, and now have 110/134 hp.
You punch the slime creature! You freeze the slime creature.
You kill the slime creature!
Your life force feels restored.
You pummel the slime creature!! You freeze the slime creature.
The slime creature closely misses you. 😕 HP[+1] MP[+1]
You now have 135 max hp (+1).
You pummel the slime creature!! You freeze the slime creature!
The slime creature misses you. 😕 HP[+1]
You pummel the slime creature!! You freeze the slime creature.
You kill the slime creature! 😕 HP[+1]
You now have 136 max hp (+1).
Unknown command.
You pummel the enormous slime creature!!
You freeze the enormous slime creature. You punch the enormous slime creature!
You freeze the enormous slime creature.
The enormous slime creature hits you!! 😮 HP[-19]
You take 19 damage, and now have 94/136 hp.
Unknown command.
You punch the enormous slime creature! You freeze the enormous slime creature.
The enormous slime creature hits you!!!
* * * LOW HITPOINT WARNING * * *
😨 HP[-35] MP[+1]
You take 35 damage, and now have 59/136 hp.
MASSIVE DAMAGE!! (PAUSE)
Your mp is fully restored (26).
You pummel the enormous slime creature!!
You freeze the enormous slime creature.
The enormous slime creature closely misses you.
You hit the enormous slime creature but do no damage.
The enormous slime creature hits you!!!!
Ouch! That really hurt!
You die...

Skill      XL: |  1  2  3  4  5  6  7  8  9 10 11 12 13 |
---------------+----------------------------------------+-----
Transmutations | 3 4 5 6 7 8 10 11 13 14 | 14.4
Poison Magic   | 1 2 |  2.0
Spellcasting   | 3 4 5 6 7 8 9 |  9.5
Ice Magic      | 2 3 5 6 |  6.0
Dodging        | 2 3 4 5 6 7 8 |  8.9
Fighting       | 3 4 6 7 9 10 | 10.3
Unarmed Combat | 4 5 6 7 8 9 |  9.7

Action                     |  1- 3 |  4- 6 |  7- 9 | 10-12 | 13-15 || total
---------------------------+-------+-------+-------+-------+-------++-------
  Melee: Unarmed           |     7 |    86 |   261 |   657 |   356 ||  1367
         Kick              |    11 |     5 |       |       |       ||    16
         War axe           |    90 |    82 |     5 |       |       ||   177
         Headbutt          |     8 |     5 |       |       |       ||    13
         Tailslap          |     1 |     3 |     2 |     1 |       ||     7
         Punch             |     1 |       |       |       |       ||     1
   Cast: Beastly Appendage |    17 |    13 |       |       |       ||    30
         Wereblood         |     1 |     2 |     9 |    22 |    17 ||    51
         Spider Form       |       |    14 |     6 |       |       ||    20
         Ice Form          |       |     1 |    28 |    58 |    30 ||   117
 Invoke: Sacrifice Stealth |       |       |       |     1 |       ||     1
         Sacrifice Love    |       |       |       |     1 |       ||     1
         Sacrifice Artific |       |       |       |       |     1 ||     1
         Reject Sacrifices |       |       |       |       |     1 ||     1
Ability: Breathe Acid      |       |       |     3 |       |     1 ||     4
         End Transformatio |       |       |     1 |       |       ||     1
  Evoke: Wand              |       |       |     2 |       |       ||     2
    Use: Scroll            |     4 |    10 |     5 |     8 |     4 ||    31
         Potion            |       |       |       |     2 |       ||     2
   Stab: Sleeping          |     2 |     3 |     3 |       |       ||     8
         Paralysed         |       |       |       |     1 |       ||     1
         Petrified         |       |       |       |     4 |       ||     4
         Distracted        |       |       |       |     1 |       ||     1
         Invisible         |       |       |       |       |     1 ||     1
 Armour: Skin              |    37 |    54 |    51 |   202 |   114 ||   458
  Dodge: Dodged            |    74 |   131 |   191 |   561 |   293 ||  1250

Levels and vault maps discovered:
D:1:      mrwooster_arrival_arrow, layout_loops_ring
D:2:      cheibrodos_fertilizer, layout_basic
D:3:      layout_loops_ring, lemuel_round_altar, grunt_temple_overflow_opulence,
          serial_glass, glass_columns_c, glass_columns_a,
          minmay_strange_pillars, feat_on_display, gup_sewer_entry_pipe
D:4:      layout_cave_pools, grunt_temple_overflow_magic_moments
D:5:      layout_basic, serial_shops, nicolae_shop_just_a_little_nook,
          uniq_sigmund
D:6:      layout_loops_ring, nicolae_overflow_crystal_walls, temple_statues,
          minmay_lizard_king, uniq_duvessa, uniq_maggie, uniq_prince_ribbit1
D:7:      layout_loops_ring, trog_book, mainiacjoe_overflow_alcove_4,
          chequers_temple_overflow_statue_of_worship, serial_shops, shop
D:8:      cheibrodos_quashed, layout_cave_pools, uniq_joseph
D:9:      layout_cross, nicolae_ru_great_annihilating_truth, nrook_campfire,
          st_stairs_1
D:10:     lemuel_ogre_cave, layout_basic, kennysheep_mini_moat, minivault_11
D:11:     layout_irregular_city, due_lair_maze_entry_diamond,
          nicolae_lava_and_water, uniq_gastronok, uniq_psyche
D:12:     layout_roguey, david_orc_2, serial_shops, nicolae_stop_n_shop_2,
          minivault_14, david_defended_altar_orc, uniq_lodul
Temple:   compressed_dpeg_triangle_lava_temple
Lair:1:   lemuel_reptile_caves, layout_cellular_growth,
          grunt_forest_large_clearing_hut, grunt_megastairs_2,
          serial_bayou_shore_a, lemuel_fruit_fields
Lair:2:   layout_loops_ring, spider_nest_entry_a,
          nzn_masters_of_martial_movement, grunt_megastairs_5
Lair:3:   layout_hall_layers, minmay_swamp_entry_swarm
Lair:4:   gammafunk_worm_tunnel, layout_regular_city,
          minmay_slime_entry_oklob_open, minmay_lair_oklob_bushes,
          infiniplex_staircase_pool_2, uniq_josephine, uniq_nessos

Notes
Turn   | Place    | Note
-------+----------+-------------------------------------------
     0 | D:1      | kae the Draconian Transmuter began the quest for the Orb.
     0 | D:1      | Reached XP level 1. HP: 16/16 MP: 3/3
     0 | D:1      | magus.rc [v1.11.3]
   238 | D:1      | You pick up a book of Displacement and begin reading...
   238 | D:1      | You add the spells Lesser Beckoning, Gell's Gravitas and
                  | Teleport Other to your library.
   245 | D:1      | Reached XP level 2. HP: 21/23 MP: 3/5
   255 | D:1      | You pick up a book of Cantrips and begin reading...
   255 | D:1      | You add the spells Necrotise, Summon Small Mammal and
                  | Apportation to your library.
   938 | D:2      | Reached skill level 3 in Transmutations
  1025 | D:2      | Reached XP level 3. HP: 28/28 MP: 4/6
  1028 | D:2      | Learned a level 2 spell: Wereblood
  1032 | D:2      | Learned a level 3 spell: Spider Form
  1152 | D:2      | Identified the ring of Loused {rC+ rN+ Int+5 Stlth+}
  1716 | D:3      | Reached skill level 1 in Poison Magic
  1719 | D:3      | Found a glowing drain.
  1733 | D:3      | Reached XP level 4. HP: 31/35 MP: 6/8
  1738 | Sewer    | Entered a sewer
  1956 | Sewer    | Noticed a kobold brigand
  1972 | Sewer    | Killed a kobold brigand
  1973 | Sewer    | Reached skill level 3 in Spellcasting
  1973 | Sewer    | Reached skill level 4 in Transmutations
  1973 | Sewer    | Reached skill level 2 in Poison Magic
  1973 | Sewer    | Reached XP level 5. HP: 39/40 MP: 6/9
  2046 | Sewer    | HP: 8/40 [kobold brigand/+0 dagger (6)]
  2048 | Sewer    | Reached skill level 5 in Transmutations
  2048 | Sewer    | Reached XP level 6. HP: 10/47 MP: 7/11
  2198 | Sewer    | Learned a level 4 spell: Ice Form
  2874 | D:3      | You pick up a book of Misfortune and begin reading...
  2874 | D:3      | You add the spells Inner Flame, Yara's Violent Unravelling
                  | and Enfeeble to your library.
  3265 | D:3      | Reached skill level 1 in Ice Magic
  3336 | D:3      | Reached skill level 4 in Spellcasting
  3541 | D:3      | Found a sparkling altar of Nemelex Xobeh.
  3541 | D:3      | Found an opulent altar of Gozag.
  3584 | D:3      | Found a shimmering altar of Xom.
  3758 | D:4      | Reached skill level 2 in Ice Magic
  3758 | D:4      | Your scales start taking on a golden yellow colour.
  3758 | D:4      | Reached XP level 7. HP: 52/52 MP: 8/13
  3758 | D:4      | Gained mutation: You are resistant to acid. (rCorr) [Yellow
                  | Draconian growth]
  3798 | D:4      | HP: 10/52 [orc wizard/magic dart (10)]
  3986 | D:4      | HP: 11/52 [ogre/+0 giant club (34)]
  3997 | D:4      | Reached skill level 6 in Transmutations
  4148 | D:4      | Found a radiant altar of Vehumet.
  4158 | D:4      | Found an ancient bone altar of Kikubaaqudgha.
  4164 | D:4      | Found a shimmering blue altar of Sif Muna.
  4176 | D:4      | Got Vehumet's Quarto of Bruises
  4327 | D:4      | HP: 2/52 [ogre/+0 giant club (37)]
  4585 | D:4      | Reached skill level 2 in Dodging
  4585 | D:4      | Reached skill level 3 in Ice Magic
  4854 | D:5      | Entered Level 5 of the Dungeon
  4912 | D:5      | Noticed Sigmund
  5142 | D:5      | Reached XP level 8. HP: 61/61 MP: 2/14
  5144 | D:5      | Reached skill level 2 in Fighting
  5227 | D:5      | Identified the +9 short sword of Resumed Hostilities {holy,
                  | rPois rF- Dex+2 SInv}
  5279 | D:5      | Found Iploulim's Assorted Antiques.
  5289 | D:5      | Bought 2 sedimented dark potions for 37 gold pieces
  5289 | D:5      | Bought a ruby potion for 18 gold pieces
  5289 | D:5      | Bought a smoky white potion for 18 gold pieces
  5453 | D:6      | Noticed Maggie
  5464 | D:6      | HP: 15/73 [Maggie/+0 scimitar of flaming (9)]
  5465 | D:6      | Killed Maggie
  5466 | D:6      | Reached skill level 4 in Ice Magic
  5485 | D:6      | Found a glowing silver altar of Zin.
  5661 | D:6      | Noticed Dowan
  5677 | D:6      | Noticed Duvessa
  5692 | D:6      | Killed Duvessa
  5693 | D:6      | Reached skill level 7 in Transmutations
  5760 | D:6      | Killed Dowan
  5761 | D:6      | Reached skill level 3 in Dodging
  5885 | D:6      | Noticed Prince Ribbit
  5890 | D:6      | Reached skill level 3 in Fighting
  5890 | D:6      | Reached skill level 4 in Unarmed Combat
  5901 | D:6      | Killed Prince Ribbit
  5902 | D:6      | Reached skill level 5 in Spellcasting
  5974 | D:6      | Reached skill level 5 in Ice Magic
  5974 | D:6      | Reached XP level 9. HP: 70/70 MP: 10/16
  6273 | D:6      | Found a staircase to the Ecumenical Temple.
  6324 | Temple   | Entered the Ecumenical Temple
  6641 | D:6      | Reached skill level 4 in Fighting
  6641 | D:6      | Reached skill level 8 in Transmutations
  7314 | D:5      | Killed Sigmund
  7315 | D:5      | Reached skill level 4 in Dodging
  7315 | D:5      | Reached skill level 6 in Ice Magic
  7438 | D:7      | Noticed a two-headed ogre
  7438 | D:7      | Found an ornate altar of the Wu Jian Council.
  7438 | D:7      | Found a glowing golden altar of the Shining One.
  7515 | D:7      | Found Sirei's Weapon Boutique.
  7680 | D:7      | Reached skill level 5 in Unarmed Combat
  7790 | D:7      | Killed a two-headed ogre
  7791 | D:7      | Reached XP level 10. HP: 80/80 MP: 15/18
  7945 | D:7      | Identified the +5 ring mail of Curiosity {Will+}
  7950 | D:7      | Found a stormy altar of Qazlal.
  8052 | D:7      | Found a bloodstained altar of Trog.
  8101 | D:7      | Reached skill level 5 in Fighting
  8132 | D:7      | Reached skill level 9 in Transmutations
  8362 | D:8      | Reached skill level 6 in Spellcasting
  8555 | D:8      | Noticed a two-headed ogre
  8561 | D:8      | HP: 18/97 [two-headed ogre/+0 giant club (12)]
  8561 | D:8      | Noticed Joseph
  8806 | D:8      | Killed a two-headed ogre
  8807 | D:8      | Reached skill level 5 in Dodging
  9019 | D:8      | Killed Joseph
  9496 | D:9      | Found a sacrificial altar of Ru.
  9506 | D:9      | Became a worshipper of Ru the Awakened
  9622 | D:9      | Reached skill level 6 in Unarmed Combat
  9635 | D:9      | HP: 19/99 [something (11)]
  9642 | D:9      | Reached skill level 6 in Fighting
  9807 | D:9      | Reached skill level 10 in Transmutations
 10038 | D:9      | Noticed a two-headed ogre
 10051 | D:9      | Killed a two-headed ogre
 10052 | D:9      | Reached XP level 11. HP: 44/90 MP: 16/21
 10547 | D:10     | Entered Level 10 of the Dungeon
 10657 | D:10     | Noticed a six-headed hydra
 10665 | D:10     | HP: 24/109 [six-headed hydra (5)]
 10668 | D:10     | Killed a six-headed hydra
 10670 | D:10     | Reached skill level 7 in Spellcasting
 11096 | D:10     | Gained mutation: You cannot be stealthy. [Ru sacrifice]
 11220 | D:10     | Found a snail-covered altar of Cheibriados.
 11276 | D:10     | Reached skill level 6 in Dodging
 11436 | D:10     | Noticed a two-headed ogre
 11545 | D:11     | Reached skill level 7 in Fighting
 11555 | D:11     | Found a staircase to the Lair.
 11563 | D:11     | Reached skill level 11 in Transmutations
 11775 | D:11     | Noticed a two-headed ogre
 11785 | D:11     | Killed a two-headed ogre
 11786 | D:11     | Reached skill level 7 in Unarmed Combat
 12010 | D:11     | Noticed a two-headed ogre
 12019 | D:11     | Killed a two-headed ogre
 12188 | D:11     | Noticed Gastronok
 12206 | D:11     | Killed Gastronok
 12320 | D:11     | Noticed a two-headed ogre
 12332 | D:11     | Killed a two-headed ogre
 12681 | D:11     | Noticed a two-headed ogre
 12687 | D:11     | HP: 13/111 [two-headed ogre/+0 dire flail (18)]
 12689 | D:11     | Killed a two-headed ogre
 13051 | D:11     | Noticed Psyche
 13058 | D:11     | Killed Psyche
 13059 | D:11     | Reached XP level 12. HP: 95/101 MP: 16/23
 13140 | Lair:1   | Entered Level 1 of the Lair of Beasts
 13283 | Lair:1   | Reached skill level 8 in Fighting
 13290 | Lair:1   | Reached skill level 7 in Dodging
 13400 | Lair:1   | Reached skill level 12 in Transmutations
 13697 | Lair:1   | Reached skill level 8 in Spellcasting
 13889 | Lair:1   | Gained mutation: You are hated by all. [Ru sacrifice]
 13889 | Lair:1   | Reached * piety under Ru
 13889 | Lair:1   | Reached ** piety under Ru
 14046 | Lair:1   | Reached skill level 8 in Unarmed Combat
 14434 | Lair:2   | Noticed a catoblepas
 14473 | Lair:1   | HP: 28/123 [catoblepas (5)]
 14478 | Lair:1   | HP: 10/123 [catoblepas (15)]
 14480 | Lair:1   | Killed a catoblepas
 15098 | Lair:2   | Found a hide-covered altar of Uskayaw.
 15103 | Lair:2   | Noticed a boulder beetle
 15125 | Lair:2   | Killed a boulder beetle
 15127 | Lair:2   | Found an ornate altar of the Wu Jian Council.
 15392 | Lair:2   | Reached skill level 9 in Fighting
 15515 | Lair:2   | Reached skill level 13 in Transmutations
 15660 | Lair:2   | Found a hole to the Spider Nest.
 16264 | Lair:3   | Reached XP level 13. HP: 111/111 MP: 22/25
 16314 | Lair:3   | Reached skill level 8 in Dodging
 16910 | Lair:3   | Gained mutation: You cannot study or use magical devices.
                  | [Ru sacrifice]
 16910 | Lair:3   | Reached *** piety under Ru
 16910 | Lair:3   | Reached **** piety under Ru
 16983 | Lair:3   | Found a staircase to the Swamp.
 16985 | Lair:3   | Reached skill level 9 in Unarmed Combat
 17271 | Lair:3   | Reached skill level 9 in Spellcasting
 18489 | Lair:4   | Noticed Nessos
 18503 | Lair:4   | HP: 32/135 [poisoned by Nessos]
 18505 | Lair:4   | Found a staircase to the Slime Pits.
 18508 | Lair:4   | HP: 20/135 [poisoned by Nessos]
 18513 | Lair:4   | HP: 14/135 [poisoned by Nessos]
 18518 | Lair:4   | Reached skill level 14 in Transmutations
 18526 | Lair:4   | HP: 17/135 [blink frog (1)]
 18540 | Lair:4   | HP: 23/135 [blink frog (3)]
 18885 | Lair:4   | Reached skill level 10 in Fighting
 18926 | Lair:4   | Noticed Josephine
 18935 | Lair:4   | Found a transporter.
 19060 | D:11     | magus.rc [v1.11.3]
 19628 | D:12     | Noticed Lodul
 19656 | D:12     | Killed Lodul
 19778 | D:12     | Found Qytsupn's Assorted Antiques.
 19896 | D:12     | Found an iron altar of Okawaru.
 20152 | D:12     | Found a staircase to the Orcish Mines.
 20545 | D:12     | Demolished by an enormous slime creature

Vanquished Creatures
  Gastronok (D:11)
  A catoblepas (Lair:1)
  A hydra (D:10)
  3 boulder beetles
  8 two-headed ogres
  A skyshark (Lair:1)
  Lodul (D:12)
  9 elephants
  A black mamba (Lair:1)
  Joseph (D:8)
  Maggie (D:6)
  A gargoyle (D:12)
  7 cane toads
  2 kobold demonologists (D:12)
  2 rime drakes
  An unseen horror (D:11)
  Psyche (D:11)
  8 komodo dragons
  A troll (D:11)
  A polar bear (Lair:2)
  A hornet (D:10)
  Prince Ribbit (D:6)
  19 dream sheep
  14 blink frogs
  A jumping spider (Lair:2)
  7 slime creatures (D:12)
  Sigmund (D:5)
  A wyvern (Lair:3)
  40 yaks
  2 wraiths
  A water elemental (D:11)
  4 vampire mosquitoes (Lair:3)
  2 steam dragons
  2 basilisks
  Duvessa (D:6)
  2 acid dragons
  8 water moccasins
  2 orc warriors (D:12)
  A swamp drake (Lair:1)
  2 ice beasts
  7 black bears
  7 centaurs
  17 ogres
  5 wolves (Lair:2)
  2 phantoms
  5 kobold brigands
  10 bullfrogs
  3 scorpions
  A gnoll sergeant (D:7)
  Dowan (D:6)
  5 wights (D:10)
  8 killer bees
  3 electric eels
  7 howler monkeys
  A lava snake (D:11)
  4 hounds
  3 jellies
  6 orc priests
  4 gnoll boudas
  2 sleepcaps
  14 iguanas
  14 orc wizards
  26 gnolls
  4 river rats (Sewer)
  9 adders
  3 white imps
  3 ufetubi
  6 dart slugs
  29 orcs
  4 bats
  14 endoplasms
  6 giant cockroaches
  4 goblins
  7 hobgoblins
  4 jackals (Sewer)
  26 kobolds
  7 quokkas
  3 ball pythons
  34 frilled lizards
  10 rats
  A butterfly (Lair:1)
493 creatures vanquished.

Vanquished Creatures (others)
  A wraith (Lair:4)
  A centaur (D:8)
  2 gnolls (D:9)
4 creatures vanquished.

Grand Total: 497 creatures vanquished

Table legend:
 A = Non-vault XP
 B = Vault XP
 C = Vault XP percentage of total XP
 D = Non-vault monster count
 E = Vault monster count
 F = Vault count percentage of total count
                 A         B        C        D         E       F
            +---------+---------+-------+---------+---------+-------
      Total |   47527 |   13943 |  22.7 |     332 |     162 |  32.8
            +---------+---------+-------+---------+---------+-------
        D:1 |      23 |       0 |   0.0 |      10 |       0 |   0.0
        D:2 |      46 |     111 |  70.7 |      18 |      18 |  50.0
        D:3 |     195 |      16 |   7.6 |      14 |       8 |  36.4
        D:4 |     435 |       0 |   0.0 |      22 |       0 |   0.0
        D:5 |     304 |     231 |  43.2 |       8 |       1 |  11.1
        D:6 |    1752 |     965 |  35.5 |      22 |      12 |  35.3
        D:7 |    2028 |       0 |   0.0 |      43 |       0 |   0.0
        D:8 |    1966 |     460 |  19.0 |      26 |       1 |   3.7
        D:9 |    2204 |     324 |  12.8 |      17 |       7 |  29.2
       D:10 |    2560 |     687 |  21.2 |      13 |       6 |  31.6
       D:11 |    4913 |    2802 |  36.3 |      16 |      10 |  38.5
       D:12 |    5492 |    1849 |  25.2 |      23 |      17 |  42.5
     Lair:1 |    3107 |    4222 |  57.6 |      12 |      45 |  78.9
     Lair:2 |    6772 |    1159 |  14.6 |      29 |       3 |   9.4
     Lair:3 |    8384 |     687 |   7.6 |      34 |       4 |  10.5
     Lair:4 |    7346 |       0 |   0.0 |      25 |       0 |   0.0
      Sewer |       0 |     430 | 100.0 |       0 |      30 | 100.0
            +---------+---------+-------+---------+---------+-------

Skill      XL: |  1  2  3  4  5  6  7  8  9 10 11 12 13 |
---------------+----------------------------------------+-----
Transmutations | 3 4 5 6 7 8 10 11 13 14 | 14.4
Poison Magic   | 1 2 |  2.0
Spellcasting   | 3 4 5 6 7 8 9 |  9.5
Ice Magic      | 2 3 5 6 |  6.0
Dodging        | 2 3 4 5 6 7 8 |  8.9
Fighting       | 3 4 6 7 9 10 | 10.3
Unarmed Combat | 4 5 6 7 8 9 |  9.7

Action                     |  1- 3 |  4- 6 |  7- 9 | 10-12 | 13-15 || total
---------------------------+-------+-------+-------+-------+-------++-------
  Melee: Unarmed           |     7 |    86 |   261 |   657 |   356 ||  1367
         Kick              |    11 |     5 |       |       |       ||    16
         War axe           |    90 |    82 |     5 |       |       ||   177
         Headbutt          |     8 |     5 |       |       |       ||    13
         Tailslap          |     1 |     3 |     2 |     1 |       ||     7
         Punch             |     1 |       |       |       |       ||     1
   Cast: Beastly Appendage |    17 |    13 |       |       |       ||    30
         Wereblood         |     1 |     2 |     9 |    22 |    17 ||    51
         Spider Form       |       |    14 |     6 |       |       ||    20
         Ice Form          |       |     1 |    28 |    58 |    30 ||   117
 Invoke: Sacrifice Stealth |       |       |       |     1 |       ||     1
         Sacrifice Love    |       |       |       |     1 |       ||     1
         Sacrifice Artific |       |       |       |       |     1 ||     1
         Reject Sacrifices |       |       |       |       |     1 ||     1
Ability: Breathe Acid      |       |       |     3 |       |     1 ||     4
         End Transformatio |       |       |     1 |       |       ||     1
  Evoke: Wand              |       |       |     2 |       |       ||     2
    Use: Scroll            |     4 |    10 |     5 |     8 |     4 ||    31
         Potion            |       |       |       |     2 |       ||     2
   Stab: Sleeping          |     2 |     3 |     3 |       |       ||     8
         Paralysed         |       |       |       |     1 |       ||     1
         Petrified         |       |       |       |     4 |       ||     4
         Distracted        |       |       |       |     1 |       ||     1
         Invisible         |       |       |       |       |     1 ||     1
 Armour: Skin              |    37 |    54 |    51 |   202 |   114 ||   458
  Dodge: Dodged            |    74 |   131 |   191 |   561 |   293 ||  1250

Illustrated notes

Table legend:
 A = Kills in this place as a percentage of kills in the entire game.
 B = Kills by you in this place as a percentage of kills by you in the entire game.
 C = Kills by friends in this place as a percentage of kills by friends in the entire game.
 D = Other kills in this place as a percentage of other kills in the entire game.
 E = Experience gained in this place as a percentage of experience gained in the entire game.
 F = Experience gained in this place divided by the number of levels of this place that you have seen.
                   A       B       C       D       E      F
               +-------+-------+-------+-------+-------+----------------------
         Total | 100.0 | 100.0 |   N/A | 100.0 | 100.0 | 3415.0
       Dungeon |  63.2 |  63.0 |   N/A | 100.0 |  47.8 | 2446.9
          Lair |  30.8 |  30.9 |   N/A |   0.0 |  51.5 | 7919.2
         Sewer |   6.1 |   6.1 |   N/A |   0.0 |   0.7 | 430.0
               +-------+-------+-------+-------+-------+----------------------

Table legend: (Time is in decaauts)
 A = Elapsed time spent in this place.
 B = Non-inter-level travel time spent in this place.
 C = Inter-level travel time spent in this place.
 D = Time resting spent in this place.
 E = Time spent auto-exploring this place.
 F = Levels seen in this place.
 G = Mean time per level.
                   A        B        C        D        E       F      G
               +--------+--------+--------+--------+--------+-----+--------+
         Total |  20660 |  19946 |    714 |    873 |  15313 |  18 | 1147.8 |
       Dungeon |  13415 |  12854 |    561 |    689 |   9658 |  12 | 1117.9 |
        Temple |    196 |    183 |     13 |      0 |    176 |   1 |  196.0 |
          Lair |   5878 |   5739 |    139 |    149 |   4643 |   4 | 1469.5 |
         Sewer |   1169 |   1169 |      0 |     35 |    835 |   1 | 1169.0 |
               +--------+--------+--------+--------+--------+-----+--------+

Top non-repeatable levels by time:
  Lair:3: 1918 daAuts
  Lair:1: 1830 daAuts
    D:11: 1686 daAuts
     D:6: 1478 daAuts
    D:12: 1451 daAuts
     D:3: 1368 daAuts
  Lair:2: 1322 daAuts
     D:7: 1262 daAuts
   Sewer: 1169 daAuts
     D:9: 1055 daAuts
     D:2: 1054 daAuts
    D:10: 923 daAuts
     D:4: 874 daAuts
     D:1: 817 daAuts
  Lair:4: 807 daAuts
